 Dungeon Crawl Stone Soup version 0.20-a0-616-gad7b6bd (webtiles) character file.

113140 Asddderdsw the Thaumaturge (level 15, -1/123 HPs)
             Began as a Demigod Fire Elementalist on Feb 6, 2017.
             Killed from afar by a wretched star (12 damage)
             ... with an orb of energy
             ... on level 3 of the Abyss on Feb 8, 2017.
             The game lasted 08:20:48 (39330 turns).

Asddderdsw the Thaumaturge (DgFE)                  Turns: 39330, Time: 08:20:49

Health: -1/123     AC: 10    Str:  5    XL:     15   Next: 65%
Magic:  39/45      EV: 19    Int: 30    God:
Gold:   1817       SH: 10    Dex: 25    Spells: 4/39 levels left

rFire    + + +     SeeInvis .   Z - staff of conjuration
rCold    . . .     Gourm    .   t - +0 robe of Xikakk Zoqi {rN+ Regen+ Str-3 Dex+2}
rNeg     + . .     Faith    .   Y - +3 buckler of the Bull {+Blink rF++ rCorr Str-3}
rPois    .         Spirit   .   q - +0 helmet
rElec    .         Reflect  .   W - +2 cloak {+Inv}
rCorr    +         Harm     .   C - +0 pair of gloves {Str+3}
MR       +....                  A - +2 pair of boots "Rimiet" {Str-5 Int+3 Dex+7}
Stlth    +++++.....             (no amulet)
Regen    0.7/turn               v - ring of magical power
                                g - ring of protection from fire

@: no status effects
A: camouflage 1, high mp 1
a: Evoke Blink, Evoke Invisibility


You were on level 3 of the Abyss.
You were not hungry.

You visited 7 branches of the dungeon, and saw 28 of its levels.
You visited the Abyss 1 time.
You also visited: Ossuary.

You collected 2657 gold pieces.
You spent 840 gold pieces at shops.

Inventory:

Hand Weapons
 S - a +4 dire flail of draining
Missiles
 f - 638 stones (quivered)
Armour
 q - a +0 helmet (worn)
 t - the +0 robe of Xikakk Zoqi (worn) {rN+ Regen+ Str-3 Dex+2}
   (You found it on level 13 of the Dungeon)

   It affects your strength (-3).
   It affects your dexterity (+2).
   It protects you from negative energy.
   It increases your rate of regeneration.
 A - the +2 pair of boots "Rimiet" (worn) {Str-5 Int+3 Dex+7}
   (You found it on level 12 of the Dungeon)

   It affects your strength (-5).
   It affects your intelligence (+3).
   It affects your dexterity (+7).
 C - a +0 pair of gloves of strength (worn)
 W - a +2 cloak of invisibility (worn)
 Y - the +3 buckler of the Bull (worn) {+Blink rF++ rCorr Str-3}
   (You bought it in a shop on level 11 of the Dungeon)

   It affects your strength (-3).
   It greatly protects you from fire.
   It lets you blink.
   It protects you from acid and corrosion.
Magical Staves
 L - an uncursed staff of fire
 Z - an uncursed staff of conjuration (weapon)
Jewellery
 a - an uncursed ring of protection from cold
 g - a ring of protection from fire (left hand)
 p - an uncursed ring of fire
 r - a +3 ring of protection
 v - a ring of magical power (right hand)
 z - a +6 ring of evasion
 G - an uncursed ring of stealth
 H - an uncursed ring of positive energy
 M - a +4 ring of intelligence
 N - an uncursed ring of flight
 Q - an uncursed ring of protection from magic
 R - an uncursed ring of ice
Wands
 u - a wand of acid (8/15)
 y - a wand of iceblast (5/15)
 U - a wand of random effects (41/48)
 V - a wand of polymorph (24/24)
Scrolls
 e - a scroll of holy word
 h - 10 scrolls of remove curse
 i - 5 scrolls of immolation
 j - a scroll of amnesia
 l - a scroll of recharging
 D - a scroll of identify
 E - 2 scrolls of blinking
Potions
 w - 2 potions of brilliance
 x - a potion of agility
 B - 3 potions of lignification
 F - 3 potions of might
 J - 5 potions of flight
 P - a potion of cancellation
 X - a potion of haste
Books
 b - a book of Burglary

   Spells                             Type                      Level
   a - Swiftness                      Charms/Air                   2
   b - Passwall                       Transmutation/Earth          2
   c - Passage of Golubria            Translocation                4
   d - Lee's Rapid Deconstruction     Earth                        5
   e - Darkness                       Hexes                        6
   f - Invisibility                   Hexes                        6
 m - a book of Minor Magic

   Spells                             Type                      Level
   a - Magic Dart                     Conjuration                  1
   b - Blink                          Translocation                2
   c - Call Imp                       Summoning                    2
   d - Slow                           Hexes                        2
   e - Conjure Flame                  Conjuration/Fire             3
   f - Mephitic Cloud                 Conjuration/Poison/Air       3
 o - a book of Necromancy

   Spells                             Type                      Level
   a - Pain                           Necromancy                   1
   b - Animate Skeleton               Necromancy                   1
   c - Vampiric Draining              Necromancy                   3
   d - Regeneration                   Charms/Necromancy            3
   e - Animate Dead                   Necromancy                   4
   f - Control Undead                 Necromancy                   4
 s - a book of Misfortune

   Spells                             Type                      Level
   a - Confusing Touch                Hexes                        1
   b - Confuse                        Hexes                        3
   c - Gell's Gravitas                Hexes/Translocation          3
   d - Petrify                        Transmutation/Earth          4
   e - Metabolic Englaciation         Hexes/Ice                    5
   f - Yara's Violent Unravelling     Hexes/Transmutation          5
 I - a book of Power

   Spells                             Type                      Level
   a - Iskenderun's Battlesphere      Conjuration/Charms           5
   b - Venom Bolt                     Conjuration/Poison           5
   c - Bolt of Magma                  Conjuration/Fire/Earth       5
   d - Iron Shot                      Conjuration/Earth            6
   e - Orb of Destruction             Conjuration                  7
   f - Spellforged Servitor           Conjuration/Summoning        7
 K - a book of Maledictions

   Spells                             Type                      Level
   a - Corona                         Hexes                        1
   b - Ensorcelled Hibernation        Hexes/Ice                    2
   c - Confuse                        Hexes                        3
   d - Tukima's Dance                 Hexes                        3
   e - Dazzling Spray                 Conjuration/Hexes            3
 T - a book of Air

   Spells                             Type                      Level
   a - Shock                          Conjuration/Air              1
   b - Swiftness                      Charms/Air                   2
   c - Static Discharge               Conjuration/Air              3
   d - Airstrike                      Air                          4
   e - Lightning Bolt                 Conjuration/Air              5
Comestibles
 c - 5 bread rations
 k - 4 meat rations


   Skills:
 * Level 8.9 Fighting
   Level 0.5 Long Blades
 + Level 3.7(4.5) Maces & Flails
 + Level 4.0(4.7) Staves
 + Level 7.3 Dodging
 + Level 5.4 Stealth
 + Level 7.1 Shields
 + Level 0.3 Unarmed Combat
 + Level 12.5 Spellcasting
 + Level 11.4 Conjurations
 + Level 2.0 Hexes
 + Level 3.0 Charms
 + Level 2.4 Necromancy
 + Level 1.2 Translocations
 + Level 10.5 Fire Magic
 + Level 2.7 Air Magic
 * Level 2.9 Earth Magic
 + Level 1.5 Poison Magic
 + Level 7.2 Evocations


You had 4 spell levels left.
You knew the following spells:

 Your Spells              Type           Power        Failure   Level  Hunger
a - Flame Tongue          Conj/Fire      #####        1%          1    None
b - Throw Flame           Conj/Fire      ######       1%          2    None
c - Conjure Flame         Conj/Fire      #######.     1%          3    None
d - Bolt of Magma         Conj/Fire/Erth #######...   2%          5    ##.....
e - Fireball              Conj/Fire      #######...   1%          5    ##.....
f - Magic Dart            Conj           ####         1%          1    None
g - Shock                 Conj/Air       ####         1%          1    None
h - Blink                 Tloc           N/A          2%          2    None
i - Corona                Hex            ####...      1%          1    None
j - Sticky Flame          Conj/Fire      #######.     1%          4    None
k - Animate Skeleton      Necr           N/A          1%          1    None
l - Mephitic Cloud        Conj/Pois/Air  ######..     1%          3    None
m - Swiftness             Chrm/Air       #####...     1%          2    None
o - Airstrike             Air            #####.....   12%         4    None


Dungeon Overview and Level Annotations

Branches:
Dungeon (15/15)            Temple (0/1) D:5            Lair (6/6) D:10
  Swamp (2/4) Lair:4       Spider (1/4) Lair:4        Slime (0/5) Lair:5
    Orc (2/2) D:11            Elf (1/3) Orc:2        Vaults (0/5) D:14
 Depths (1/5) D:15

Shops:
D:11 [   Orc:2 *?%?

Annotations:
D:3 Grinder
Lair:1 exclusion: 4 oklob plants
Lair:6 1 runed door
Orc:1 Erica, Erolcha


Innate Abilities, Weirdness & Mutations

You have an increased reservoir of magic. (+10% MP)
Your skin changes colour to match your surroundings (Stealth+).


Message History

The thrashing horror tramples you but does no damage.
You block the thrashing horror's attack.
You block the ancient zyme's attack.
The ancient zyme hits you but does no damage.
A wretched star comes into view.
Your magical effects are unravelling.
You feel magically purged.
You feel less wooden.
Your +2 cloak of invisibility unmelds from your body.
Your +0 helmet unmelds from your body.
Your +0 pair of gloves of strength unmelds from your body.
The +2 pair of boots "Rimiet" {Str-5 Int+3 Dex+7} unmelds from your body.
The +0 robe of Xikakk Zoqi {rN+ Regen+ Str-3 Dex+2} unmelds from your body.
You become transparent for a moment.
You feel stronger. You block the ancient zyme's attack.
The ancient zyme closely misses you.
You feel yourself growing ill in the presence of the ancient zyme.
The wretched star glows turbulently.
The orb of energy hits you!
You die...

##....# ##5. .
. . # # .. .
.... #..#.
#.#..#. # ..###
# . #....# # .
###. .#.# #
#.x##*.#.#####
#.#@.....ยง....
#...##..).#####
#.#.. #.####
##### #.. ....
###. . .# #


You could see a wretched star and an ancient zyme.

Vanquished Creatures
  Rupert (D:15)
  Frances (D:13)
  Kirke (Lair:5)
  The ghost of Heleg the Peltast, a journeyman MiFi of Okawaru (Lair:6)
  Snorg (D:13)
  Josephine (Orc:1)
  An ice dragon (D:15)
  2 fire dragons (D:14)
  2 vault guards (D:14)
  8 hydras
  3 death yaks
  5 alligators
  4 centaur warriors
  An ogre mage (Orc:2)
  16 two-headed ogres
  Urug (Lair:4)
  A tengu warrior (D:14)
  5 deep elf knights (Elf:1)
  Sonja (Lair:3)
  A swamp dragon (Swamp:1)
  2 deep trolls (Orc:2)
  3 unseen horrors (D:13)
  4 deep elf archers
  Pikel (D:8)
  11 deep elf magi (Elf:1)
  2 orc sorcerers
  An orb spider (Lair:4)
  An ugly thing (D:12)
  2 manticores
  A moth of wrath (shapeshifter) (D:14)
  4 cyclopes
  Maurice (D:13)
  8 elephants
  6 black mambas
  7 centaur zombies
  A torpor snail (Lair:6)
  A smoke demon (Abyss:2)
  A rime drake (shapeshifter) (D:14)
  7 spiny frogs
  4 kobold demonologists (D:13)
  3 yaktaurs (D:15)
  11 komodo dragons
  2 freezing wraiths
  2 rime drakes
  A tengu conjurer (D:15)
  2 demonic crawlers
  18 trolls
  A tyrant leech (Swamp:1)
  2 raiju (Abyss:2)
  2 hornets
  11 blink frogs
  2 polar bears
  10 hippogriffs
  16 slime creatures
  7 dream sheep
  A spriggan (D:8)
  2 shadows
  5 wraiths
  A vampire (D:15)
  38 yaks
  5 basilisks
  A fire bat (D:13)
  3 wyverns
  3 steam dragons
  4 hungry ghosts
  A warg (Orc:2)
  A chaos spawn (Abyss:3)
  7 insubstantial wisps (Swamp:1)
  Menkaure (D:6)
  3 soldier ants
  Edmund (D:6)
  14 vampire mosquitoes
  A large abomination (Abyss:3)
  7 swamp worms (Swamp:1)
  Duvessa (D:6)
  3 acid dragons
  16 porcupines
  9 water moccasins
  3 hell hounds (Lair:5)
  17 orc warriors
  4 swamp drakes (Swamp:1)
  5 ice beasts
  6 sky beasts
  5 black bears
  A necrophage (D:14)
  31 ogres
  4 wolves
  18 centaurs
  3 phantoms
  An eye of draining (D:13)
  4 big kobolds
  13 crocodiles
  20 bullfrogs
  An earth elemental (Abyss:2)
  An elf zombie (D:8)
  Dowan (D:6)
  2 wyvern skeletons
  A water moccasin skeleton (D:4)
  9 scorpions
  6 killer bees (D:7)
  3 vampire bats (D:13)
  12 wights
  3 electric eels
  2 howler monkeys
  4 crimson imps
  A quasit (D:10)
  3 lava snakes (Lair:6)
  8 jellies
  A bullfrog zombie (D:13)
  Crazy Yiuf (D:6)
  2 bullfrog skeletons
  7 orc priests
  4 centaur skeletons
  6 hounds
  5 iguanas
  2 human skeletons (D:8)
  Ijyb (D:2)
  16 worker ants
  Natasha (D:4)
  18 orc wizards
  4 hell rats (D:8)
  A small abomination (Abyss:2)
  A big kobold zombie (Ossuary)
  2 hound skeletons
  8 mummies (Ossuary)
  2 worker ant zombies
  14 gnolls
  A howler monkey skeleton (D:11)
  5 river rats (D:8)
  7 adders
  6 shadow imps
  An ufetubus (Abyss:3)
  6 oozes (D:13)
  2 adder zombies
  5 worms
  2 dart slugs
  11 leopard geckos
  76 orcs
  12 bats
  13 giant cockroaches
  3 gnoll zombies (Ossuary)
  11 goblins
  3 hobgoblins
  11 jackals
  22 kobolds
  14 quokkas
  5 frilled lizards
  3 hobgoblin zombies (Ossuary)
  A kobold zombie (Ossuary)
  2 orc skeletons (D:8)
  An orc zombie (D:8)
  A quokka skeleton (D:8)
  A quokka zombie (D:9)
  18 rats
  2 fungi
  2 plants (Lair:5)
878 creatures vanquished.

Vanquished Creatures (collateral kills)
  An ogre mage (Orc:2)
  A dancing weapon (Elf:1)
  A deep elf knight (Elf:1)
  A deep elf mage (Elf:1)
  An elephant (Lair:5)
  A spiny frog (Lair:6)
  A gargoyle (D:14)
  A yaktaur (D:15)
  A blink frog (Lair:5)
  2 hippogriffs
  A yak (Lair:5)
  A basilisk (D:13)
  2 swamp worms (Swamp:1)
  A hell hound (Lair:6)
  A water moccasin (Lair:6)
  A wolf (Lair:6)
  3 ogres (Orc:2)
  A jelly (D:11)
  A wight (D:15)
  A lava snake (Lair:6)
  An orc wizard (D:14)
  An orc priest (D:13)
  3 fungi
  A plant (D:15)
30 creatures vanquished.

Vanquished Creatures (others)
  4 humans (Lair:6)
  3 slaves (D:8)
  2 ogres (Orc:2)
  A centaur (D:8)
  A water moccasin skeleton (D:8)
  An orc wizard (D:8)
  A leopard gecko (D:8)
  2 orcs (D:8)
  5 kobolds (D:8)
  A quokka (D:8)
  A rat (D:3)
  2 bushes (Lair:6)
  11 fungi
  13 plants
  9 starspawn tentacles (Abyss:3)
57 creatures vanquished.

Grand Total: 965 creatures vanquished

Notes
Turn   | Place    | Note
-------+----------+-------------------------------------------
     0 | D:1      | Asddderdsw the Demigod Fire Elementalist began the quest for the Orb.
     0 | D:1      | Reached XP level 1. HP: 14/14 MP: 5/5
   169 | D:1      | Reached XP level 2. HP: 20/20 MP: 1/7
   197 | D:1      | Upgraded the game from 0.20-a0-587-g0cf97a2 to 0.20-a0-601-g29d1f57
   416 | D:1      | You fall through a shaft!
   522 | D:1      | Reached skill level 1 in Conjurations
   599 | D:1      | Learned a level 2 spell: Throw Flame
   661 | D:1      | Reached skill level 2 in Spellcasting
   661 | D:1      | Reached XP level 3. HP: 19/26 MP: 3/8
   666 | D:1      | Learned a level 3 spell: Conjure Flame
   949 | D:2      | Found an ancient bone altar of Kikubaaqudgha.
   997 | D:2      | Noticed Ijyb
  1359 | D:2      | Killed Ijyb
  1359 | D:2      | Reached skill level 1 in Maces & Flails
  1510 | D:2      | Reached XP level 4. HP: 30/34 MP: 10/10
  1994 | D:3      | Found a stormy altar of Qazlal.
  2347 | D:3      | Reached XP level 5. HP: 28/39 MP: 3/11
  2396 | D:3      | Reached skill level 1 in Fighting
  2676 | D:3      | Noticed Grinder
  2708 | D:4      | Found a blossoming altar of Fedhas.
  3139 | D:3      | Learned a level 3 spell: Inner Flame
  3415 | D:4      | Reached XP level 6. HP: 33/47 MP: 5/13
  3798 | D:4      | Found a snail-covered altar of Cheibriados.
  3839 | D:4      | Found a hazy altar of Hepliaklqana.
  3922 | D:4      | Noticed Natasha
  3940 | D:4      | Killed Natasha
  3950 | D:5      | Entered Level 5 of the Dungeon
  4031 | D:5      | Reached skill level 3 in Spellcasting
  4384 | D:5      | Found a shattered altar of Ashenzari.
  4488 | D:5      | Reached XP level 7. HP: 44/52 MP: 9/15
  4538 | D:5      | Found a staircase to the Ecumenical Temple.
  4803 | D:5      | Reached skill level 1 in Staves
  4819 | D:5      | Found a hide-covered altar of Uskayaw.
  4819 | D:5      | Found a radiant altar of Vehumet.
  5013 | D:5      | Found a bloodstained altar of Trog.
  5025 | D:5      | Found a sacrificial altar of Ru.
  5420 | D:4      | Reached skill level 4 in Spellcasting
  5487 | D:4      | Learned a level 5 spell: Fireball
  5604 | D:6      | Noticed Menkaure
  5670 | D:6      | Reached XP level 8. HP: 61/61 MP: 8/17
  5673 | D:6      | Learned a level 1 spell: Magic Dart
  5697 | D:6      | Found a glowing silver altar of Zin.
  5697 | D:6      | Noticed an angel
  5699 | D:6      | Found a shimmering altar of Xom.
  5878 | D:6      | Reached skill level 5 in Fire Magic
  5885 | D:6      | Noticed Duvessa
  5902 | D:6      | Noticed Dowan
  5904 | D:6      | Killed Duvessa
  5934 | D:6      | Killed Dowan
  6182 | D:6      | Noticed Edmund
  6196 | D:6      | Killed Edmund
  6423 | D:6      | Found a runed door.
  6556 | D:6      | Killed Menkaure
  6711 | D:6      | Noticed Crazy Yiuf
  6736 | D:6      | Killed Crazy Yiuf
  6830 | D:7      | Learned a level 1 spell: Shock
  7017 | D:7      | Found a sparkling altar of Nemelex Xobeh.
  7154 | D:7      | Reached skill level 5 in Spellcasting
  7154 | D:7      | Reached XP level 9. HP: 52/67 MP: 11/20
  7291 | D:7      | Learned a level 2 spell: Blink
  7792 | D:8      | Found a sand-covered staircase.
  7801 | Ossuary  | Entered an ossuary
  8034 | Ossuary  | Learned a level 1 spell: Corona
  8067 | Ossuary  | Reached skill level 5 in Conjurations
  8342 | Ossuary  | Gained mutation: Your skin changes colour to match your surroundings (Stealth+). [potion of beneficial mutation]
  8707 | D:8      | Reached skill level 6 in Spellcasting
  8724 | D:8      | Found a shimmering altar of Xom.
  8724 | D:8      | Noticed Pikel
  8750 | D:8      | Killed Pikel
  8920 | D:8      | Noticed a two-headed ogre
  8940 | D:8      | Reached XP level 10. HP: 70/74 MP: 11/23
  8940 | D:8      | Reached skill level 5 in Dodging
  9458 | D:8      | Killed a two-headed ogre
  9634 | D:9      | Reached skill level 7 in Spellcasting
  9974 | D:9      | Found a shadowy altar of Dithmenos.
 10043 | D:9      | Noticed a two-headed ogre
 10063 | D:9      | Killed a two-headed ogre
 10069 | D:9      | Learned a level 4 spell: Sticky Flame
 10327 | D:9      | Noticed a two-headed ogre
 10335 | D:9      | Killed a two-headed ogre
 10586 | D:9      | Learned a level 1 spell: Animate Skeleton
 10589 | D:10     | Entered Level 10 of the Dungeon
 10621 | D:10     | Found an opulent altar of Gozag.
 10915 | D:10     | Reached XP level 11. HP: 81/81 MP: 27/27
 11003 | D:10     | Reached skill level 8 in Spellcasting
 11202 | D:10     | Found a staircase to the Lair.
 11491 | D:11     | Found a runed door.
 11541 | D:11     | Found a staircase to the Orcish Mines.
 11554 | D:11     | Found Lira's Armour Boutique.
 12051 | D:11     | Found a runed door.
 12445 | D:12     | Learned a level 3 spell: Mephitic Cloud
 12543 | D:12     | Got a pair of polished boots
 12549 | D:12     | Identified the +2 pair of boots "Rimiet" {Str-5 Int+3 Dex+7} (You found it on level 12 of the Dungeon)
 12641 | D:12     | Found an ancient bone altar of Kikubaaqudgha.
 12859 | D:12     | Noticed a two-headed ogre
 12864 | D:12     | Killed a two-headed ogre
 13151 | D:13     | Noticed Frances
 13299 | Lair:1   | Entered Level 1 of the Lair of Beasts
 13471 | Lair:1   | Reached skill level 9 in Spellcasting
 14222 | Lair:2   | Reached skill level 1 in Hexes
 14477 | Lair:2   | Reached skill level 1 in Air Magic
 14636 | Lair:2   | Reached skill level 1 in Evocations
 14808 | Lair:2   | Reached skill level 1 in Translocations
 15114 | Lair:3   | Noticed Sonja
 15114 | Lair:3   | Reached XP level 12. HP: 89/89 MP: 22/29
 15149 | Lair:3   | Reached skill level 1 in Shields
 15430 | Lair:4   | Found a staircase to the Swamp.
 15505 | Lair:4   | Reached skill level 5 in Stealth
 15547 | Lair:4   | Found a hole to the Spider Nest.
 15763 | Lair:4   | Learned a level 2 spell: Swiftness
 15814 | Lair:4   | Reached skill level 1 in Necromancy
 16102 | Lair:4   | Noticed a five-headed hydra
 16112 | Lair:4   | Killed a five-headed hydra
 16255 | Lair:4   | Noticed Urug
 16276 | Lair:4   | Killed Urug
 16276 | Lair:4   | Reached skill level 1 in Poison Magic
 16735 | Lair:5   | Found a viscous altar of Jiyva.
 16735 | Lair:5   | Found a staircase to the Slime Pits.
 17082 | Lair:5   | Noticed a five-headed hydra
 17129 | Lair:5   | Killed a five-headed hydra
 17614 | Lair:6   | Entered Level 6 of the Lair of Beasts
 18390 | Lair:3   | Killed Sonja
 18390 | Lair:3   | Reached skill level 10 in Spellcasting
 18538 | Lair:1   | Learned a level 2 spell: Passwall
 18663 | D:11     | Bought the +3 buckler of the Bull {+Blink rF++ rCorr Str-3} for 704 gold pieces
 18678 | Orc:1    | Entered Level 1 of the Orcish Mines
 18678 | Orc:1    | Noticed Josephine
 18935 | D:13     | Noticed Maurice
 19377 | D:13     | Killed Maurice
 19858 | D:14     | Upgraded the game from 0.20-a0-601-g29d1f57 to 0.20-a0-607-g9e3d16c
 20035 | D:14     | Noticed a four-headed hydra
 20103 | D:14     | Killed a four-headed hydra
 20103 | D:14     | Reached skill level 5 in Fighting
 20414 | D:14     | Noticed a centaur warrior
 20462 | D:14     | Killed a centaur warrior
 20462 | D:14     | Reached XP level 13. HP: 75/100 MP: 31/31
 21307 | D:13     | Got a steaming robe
 21313 | D:13     | Identified the cursed +0 robe of Xikakk Zoqi {rN+ Regen+ Str-3 Dex+2} (You found it on level 13 of the Dungeon)
 21399 | D:13     | Noticed Snorg
 22158 | D:13     | Reached skill level 10 in Conjurations
 22268 | D:13     | Killed Snorg
 23099 | D:13     | Reached skill level 5 in Shields
 23633 | Orc:1    | Killed Josephine
 23795 | Orc:1    | Paralysed by an orc sorcerer for 2 turns
 24368 | Orc:2    | Entered Level 2 of the Orcish Mines
 24446 | Orc:2    | Found a staircase to the Elven Halls.
 24664 | Orc:2    | Found Wituv's General Store.
 24701 | Orc:2    | Reached skill level 5 in Evocations
 24790 | Orc:2    | Found Ukloibus's Food Boutique.
 24825 | Orc:2    | Reached skill level 11 in Spellcasting
 25783 | Orc:2    | Reached XP level 14. HP: 91/111 MP: 30/34
 25813 | Orc:2    | Found Xaywka's Magic Scroll Shop.
 26031 | Orc:2    | Found Vifuuffagu's Magic Scroll Shop.
 26534 | Orc:2    | Bought a scroll of holy word for 97 gold pieces
 26534 | Orc:2    | Bought a potion of curing for 39 gold pieces
 26595 | Orc:1    | Noticed Erica
 26597 | Orc:1    | Noticed Erolcha
 27176 | D:11     | Upgraded the game from 0.20-a0-607-g9e3d16c to 0.20-a0-613-g92415a4
 27911 | Lair:6   | Noticed Heleg's ghost (journeyman MiFi)
 27962 | Lair:6   | Killed Heleg's ghost
 27991 | Lair:6   | Noticed Kirke
 28225 | Lair:5   | Killed Kirke
 29061 | Lair:6   | Found a large runed door.
 30697 | Swamp:1  | Entered Level 1 of the Swamp
 31244 | Swamp:1  | Reached skill level 10 in Fire Magic
 31866 | Spider:1 | Entered Level 1 of the Spider Nest
 32015 | Lair:1   | Learned a level 5 spell: Bolt of Magma
 32322 | D:13     | Killed Frances
 33575 | D:14     | Found a gate to the Vaults.
 34056 | D:14     | Upgraded the game from 0.20-a0-613-g92415a4 to 0.20-a0-616-gad7b6bd
 34080 | D:15     | Entered Level 15 of the Dungeon
 34086 | D:15     | Reached XP level 15. HP: 90/121 MP: 35/35
 34092 | D:15     | Learned a level 4 spell: Airstrike
 34116 | D:15     | Noticed Rupert
 34477 | D:15     | Killed Rupert
 34661 | D:15     | Reached skill level 12 in Spellcasting
 34833 | D:15     | Reached skill level 1 in Charms
 35188 | D:14     | Reached skill level 1 in Earth Magic
 35516 | D:15     | Found a staircase to the Depths.
 35641 | Depths:1 | Entered Level 1 of the Depths
 36983 | Swamp:2  | Noticed a thorn hunter
 37672 | Elf:1    | Entered Level 1 of the Elven Halls
 38571 | Elf:1    | Cast into level 2 of the Abyss (a deep elf demonologist)
 38765 | Abyss:2  | Found a corrupted altar of Lugonu.
 38899 | Abyss:3  | Found a corrupted altar of Lugonu.
 38953 | Abyss:3  | Noticed a tentacled starspawn
 39330 | Abyss:3  | Killed from afar by a wretched star

Vault maps used:
D:1:      dpeg_arrival_lava_altar
D:2:      nicolae_overflow_crystal_walls, first_bread, uniq_iyjb
D:3:      grunt_qazlal_clouds, minmay_misc_feat_iff, uniq_grinder, uniq_robin
D:4:      cheibriados_altar_1, fedhas_altar_4, kennysheep_little_box,
          minmay_vboxes, uniq_natasha
D:5:      amethyst_overflow_temple_binary, gammafunk_temple_overflow_wave,
          minmay_temple_entry_nine_rooms, minmay_liquid_box,
          evilmike_ruin_ashenzari
D:6:      grunt_temple_overflow_order_and_chaos_1, uniq_menkaure, uniq_duvessa,
          uniq_edmund, uniq_crazy_yiuf_cottage
D:7:      nemelex_lonely_heart_becter
D:8:      lemuel_ratsnest, nicolae_ossuary_entry_catacombs, basic_altar,
          the_bakery, uniq_pikel
D:9:      nicolae_dithmenos_shadow_blocks
D:10:     grunt_lair_entry_orc_guard_hut, nicolae_gozag_seed_capital
D:11:     cheibrodos_histonic, orc_david_3
D:12:     basic_altar, lemuel_nasty_fountain
D:13:     hangedman_parallel_progression, uniq_frances, uniq_maurice, uniq_snorg
D:14:     lightli_vaults_fourway_checkpoint
D:15:     grunt_enter_depths_hoard, columned_hall_lemuel, chequers_big_river,
          uniq_rupert
Lair:1:   beast_lair_carwin_11, grunt_megastairs_2, minmay_lair_oklob_chamber
Lair:2:   minivault_25, minmay_stone_trees_small
Lair:3:   st_stairs_11, hangedman_lair_generics_rect,
          infiniplex_staircase_pool_2, uniq_sonja
Lair:4:   minmay_swamp_entry_swarm, nicolae_spider_entry_orb_guardian,
          infiniplex_staircase_pool, uniq_urug
Lair:5:   slime_altar_1, minmay_holes
Lair:6:   cheibrodos_lair_end_hotspot, uniq_kirke
Swamp:1:  evilmike_swamp_ruin_house_1
Swamp:2:  cheibrodos_swamp_mausoleum, evilmike_swamp_ruin_house_3, swamp_pool2,
          hangedman_swamp_dais
Orc:1:    uniq_erica, uniq_erolcha, uniq_josephine
Orc:2:    st_orc_open
Elf:1:    eino_elf_arrival_sip, minmay_elf_crystal_heptagon
Depths:1: enter_ziggurat_d, minmay_misc_feat_doors, hell_entry,
          minmay_metal_thing
Ossuary:  ossuary_tomb_3

Skill      XL: |  1  2  3  4  5  6  7  8  9 10 11 12 13 14 15 |
---------------+----------------------------------------------+-----
Fire Magic     | 3 4 5 6 7 8 9 10 | 10.5
Stealth        | 2 3 4 5 |  5.4
Conjurations   | 1 2 3 4 5 7 9 10 11 | 11.4
Dodging        | 2 3 4 5 6 7 |  7.3
Spellcasting   | 2 3 4 5 6 7 9 10 11 12 | 12.5
Maces & Flails | 1 2 3 |  3.7
Fighting       | 1 2 3 5 6 8 |  8.9
Staves         | 2 3 4 |  4.0
Hexes          | 2 |  2.0
Air Magic      | 1 2 |  2.7
Evocations     | 1 3 5 6 7 |  7.2
Translocations | 1 |  1.2
Shields        | 3 5 6 7 |  7.1
Necromancy     | 2 |  2.4
Poison Magic   | 1 |  1.5
Charms         | 3 |  3.0
Earth Magic    | 2 |  2.9
Long Blades    | |  0.5
Unarmed Combat | |  0.3

Action                   |  1- 3 |  4- 6 |  7- 9 | 10-12 | 13-15 || total
-------------------------+-------+-------+-------+-------+-------++-------
Melee: Unarmed           |     1 |       |     7 |       |       ||     8
       Club              |    16 |       |       |       |       ||    16
       Whip              |    73 |    39 |       |       |       ||   112
       Great sword       |       |    13 |       |       |       ||    13
       Spear             |       |     3 |       |       |       ||     3
       Quarterstaff      |       |    13 |    79 |       |       ||    92
       Dire flail        |       |       |    57 |       |       ||    57
       Staff             |       |       |     6 |    76 |    82 ||   164
Throw: Stone             |       |       |       |       |     1 ||     1
 Cast: Flame Tongue      |    39 |   110 |   280 |   802 |   919 ||  2150
       Conjure Flame     |       |     4 |    17 |   106 |   161 ||   288
       Throw Flame       |       |     1 |     4 |    70 |   100 ||   175
       Shock             |       |       |     2 |     6 |    36 ||    44
       Inner Flame       |       |       |     1 |       |       ||     1
       Fireball          |       |       |     5 |    21 |    95 ||   121
       Blink             |       |       |     3 |    12 |    35 ||    50
       Magic Dart        |       |       |     2 |     2 |    48 ||    52
       Mephitic Cloud    |       |       |       |    17 |    82 ||    99
       Sticky Flame      |       |       |       |    15 |   114 ||   129
       Animate Skeleton  |       |       |       |    15 |    86 ||   101
       Corona            |       |       |       |    11 |     9 ||    20
       Bolt of Magma     |       |       |       |       |    38 ||    38
       Airstrike         |       |       |       |       |    33 ||    33
       Swiftness         |       |       |       |       |     1 ||     1
 Abil: Evoke Invisibilit |       |       |     1 |     1 |    12 ||    14
       Evoke Blink       |       |       |       |     2 |    41 ||    43
  Use: Potion            |       |     5 |     2 |       |    29 ||    36
       Scroll            |       |     2 |    11 |    34 |    14 ||    61
 Stab: Sleeping          |     2 |     5 |     4 |     1 |       ||    12
       Confused          |       |       |     2 |     1 |       ||     3
  Eat: Chunk             |     2 |     8 |    10 |     3 |    11 ||    34
       Royal jelly       |       |     1 |     3 |     6 |     2 ||    12
       Fruit             |       |       |       |     7 |     4 ||    11
       Bread ration      |       |       |       |     5 |     6 ||    11
       Meat ration       |       |       |       |       |     6 ||     6
Armor: Robe              |    23 |    39 |    68 |    70 |   175 ||   375
       Skin              |       |     4 |       |       |    12 ||    16
Dodge: Dodged            |    77 |   103 |   236 |   374 |   649 ||  1439
Block: Buckler           |       |       |       |    25 |   480 ||   505
       Rpst.: Great sword |       |     3 |       |       |       ||     3
